 Dungeon Crawl Stone Soup version 0.27-a0-1456-gf5a116941d (webtiles) character file.

Game seed: 5465806428985066198

265 avis the Insei (level 5, -2/45 HPs)
             Began as a Demigod Transmuter on July 5, 2021.
             Slain by a hornet zombie (7 damage)
             ... on level 5 of the Dungeon.
             The game lasted 00:27:57 (4859 turns).

avis the Insei (Demigod Transmuter)                 Turns: 4859, Time: 00:27:58

Health: -2/45      AC:  3    Str: 11    XL:     5   Next: 66%
Magic:  9/10       EV: 12    Int: 15    God:
Gold:   184        SH:  0    Dex: 18    Spells: 4/8 levels left

rFire    . . .     SeeInvis .   a - +2 spear (flame)
rCold    . . .     Faith    .   (no shield)
rNeg     . . .     Spirit   .   f - +0 leather armour
rPois    .         Reflect  .   (no helmet)
rElec    .         Harm     .   (no cloak)
rCorr    +         Rampage  .   (no gloves)
Will     .....                  (no boots)
Stlth    +.........             (no amulet)
HPRegen  0.15/turn              j - ring of resist corrosion
MPRegen  0.12/turn              (no ring)

@: no status effects
A: high mp 1, forlorn
a: no special abilities


You were on level 5 of the Dungeon.
You visited 1 branch of the dungeon, and saw 5 of its levels.

You collected 184 gold pieces.

Inventory:

Hand Weapons
 a - a +2 spear of flaming (weapon)
 b - a +0 hunting sling
 i - a +2 antimagic long sword
 p - a +1 dagger of holy wrath
Missiles
 e - 67 stones
 t - 24 sling bullets
 v - 14 arrows
 w - 39 poisoned darts
Armour
 f - a +0 leather armour (worn)
 q - a +0 helmet
 r - a +0 robe
Jewellery
 j - a ring of resist corrosion (left hand)
Wands
 u - a wand of paralysis (9)
Scrolls
 c - 3 scrolls of identify {unknown}
 d - 2 scrolls of teleportation {unknown}
 g - a scroll of summoning {unknown}
 h - 2 scrolls of magic mapping {unknown}
 m - a scroll of noise {unknown}
 n - a scroll of blinking {unknown}
 o - 2 scrolls of enchant weapon {unknown}
 s - a scroll of immolation {unknown}
 y - a scroll of brand weapon {unknown}
Potions
 k - a potion of curing {unknown}
 l - a potion of flight {unknown}
 x - 2 potions of heal wounds {unknown}
 z - a potion of brilliance {unknown}


   Skills:
 - Level 3.0 Fighting
 - Level 1.7 Dodging
 * Level 5.0 Unarmed Combat
 - Level 2.0 Spellcasting
 - Level 2.0 Transmutations
 - Level 1.0 Poison Magic


You had 4 spell levels left.
You knew the following spells:

 Your Spells              Type           Power      Damage    Failure   Level
a - Beastly Appendage     Tmut           14%        N/A       13%         1
p - Spider Form           Tmut/Pois      3%         N/A       43%         3

Your spell library contained the following spells:

 Spells                   Type           Power      Damage    Failure   Level
 Wereblood                Tmut           7%         N/A       19%         2
 Ice Form                 Ice/Tmut       4%         N/A       88%         4


Dungeon Overview and Level Annotations

Branches:
Dungeon (5/15)
 Temple: D:4-7

Shops:
D:4 (

Annotations:
D:4 Grinder, Pikel


Innate Abilities, Weirdness & Mutations

Your attributes grow dramatically as you level up.
You have an increased reservoir of magic. (+10% MP)
You shall have no god before yourself.


Message History

The helpless hornet zombie fails to defend itself.
You hit the hornet zombie.
The hornet zombie is lightly damaged.
The hornet zombie hits you!
You hit the hornet zombie.
The hornet zombie is lightly damaged.
The hornet zombie completely misses you.
The hornet zombie closely misses you.
You hit the hornet zombie.
The hornet zombie is moderately damaged.
The hornet zombie misses you.
You hit the hornet zombie.
The hornet zombie is moderately damaged.
The hornet zombie closely misses you.
You barely miss the hornet zombie.
The hornet zombie is moderately damaged.
Your transformation has ended.
Your +2 spear of flaming unmelds from your body.
Your +0 leather armour unmelds from your body.
Your +2 spear of flaming bursts into flame!
The hornet zombie barely misses you.
You hit the hornet zombie. You burn the hornet zombie.
The hornet zombie is moderately damaged.
The hornet zombie hits you!
You hit the hornet zombie. You burn the hornet zombie.
The hornet zombie is heavily damaged.
The hornet zombie hits you. The hornet zombie hits you!
* * * LOW HITPOINT WARNING * * *
Okay, then.
You hit the hornet zombie. You burn the hornet zombie.
The hornet zombie is heavily damaged.
The hornet zombie barely misses you.
You barely miss the hornet zombie.
The hornet zombie is heavily damaged.
The hornet zombie closely misses you. The hornet zombie hits you.
* * * LOW HITPOINT WARNING * * *
You hit the hornet zombie. You burn the hornet zombie.
The hornet zombie is severely damaged.
The hornet zombie hits you!
You die...

#... # #..........# #...
. #...######.# +#...#.
#....# #.###
###.....####..#.# #....
..............#.#####.#.#
.....8........#..........
..............#######.#.#
###.....####..# #####....
+#...#@Z##..........#.#
#...#...#.............
#...##.<##.#########.#
#.... ### .# #.# #)..# .#
#[# #### .. #.# #.# ..#
..#


You could see a hornet zombie.

Vanquished Creatures
  A scorpion (D:5)
  A water moccasin zombie (D:5)
  Robin (D:2)
  3 adders
  An adder skeleton (D:4)
  3 worms
  5 dart slugs (D:1)
  4 orcs (D:4)
  6 endoplasms
  6 giant cockroaches
  10 goblins (D:3)
  10 hobgoblins
  3 jackals (D:2)
  13 kobolds
  A quokka (D:2)
  3 ball pythons
  9 bats
  A frilled lizard (D:1)
  A jackal skeleton (D:4)
  5 rats
87 creatures vanquished.

Notes
Turn   | Place    | Note
-------+----------+-------------------------------------------
     0 | D:1      | avis the Demigod Transmuter began the quest for the Orb.
     0 | D:1      | Reached XP level 1. HP: 15/15 MP: 5/5
    90 | D:1      | Reached skill level 3 in Unarmed Combat
   265 | D:1      | Reached XP level 2. HP: 13/22 MP: 5/7
  1117 | D:2      | Reached XP level 3. HP: 27/27 MP: 6/8
  1167 | D:1      | Learned a level 3 spell: Spider Form
  1219 | D:2      | Reached skill level 4 in Unarmed Combat
  2100 | D:2      | Reached skill level 1 in Poison Magic
  2109 | D:2      | Noticed Robin
  2342 | D:3      | Reached skill level 1 in Fighting
  2558 | D:2      | Killed Robin
  2559 | D:2      | Reached XP level 4. HP: 35/35 MP: 5/9
  4254 | D:4      | Found Achenomo's Weapon Shoppe.
  4343 | D:4      | Noticed Grinder
  4346 | D:4      | Noticed Pikel
  4348 | D:4      | Noticed a lemure
  4351 | D:4      | Paralysed by Grinder for 5 turns
  4359 | D:4      | Noticed a lemure
  4544 | D:5      | Entered Level 5 of the Dungeon
  4605 | D:5      | Reached skill level 5 in Unarmed Combat
  4605 | D:5      | Reached XP level 5. HP: 15/41 MP: 8/10
  4859 | D:5      | Slain by a hornet zombie

Illustrated notes

Levels and vault maps discovered:
D:1:      minmay_arrival_five_plusses, layout_loops_ring
D:2:      layout_basic, basic_ecumenical_altar, uniq_robin
D:3:      layout_basic, lemuel_doored_altar
D:4:      layout_loops_ring, serial_shops, nicolae_shop_statue_plus,
          minmay_pentangle, uniq_pikel, uniq_grinder
D:5:      layout_loops_ring, grunt_ministairs_6, hangedman_abyss_or_decor_stabs,
          uniq_ijyb

Skill      XL: |  1  2  3  4  5 |
---------------+----------------+-----
Unarmed Combat | 3 4 5 |  5.0
Transmutations | 2 |  2.0
Poison Magic   | 1 |  1.0
Spellcasting   | 2 |  2.0
Fighting       | 1 2 3 |  3.0
Dodging        | |  1.7

Action                   |  1- 3 |  4- 6 || total
-------------------------+-------+-------++-------
Melee: Unarmed           |   109 |    41 ||   150
       Kick              |    28 |     8 ||    36
       Headbutt          |    15 |     4 ||    19
       Spear             |       |    42 ||    42
 Fire: Hunting sling     |       |    35 ||    35
 Cast: Beastly Appendage |    33 |     9 ||    42
       Spider Form       |     7 |     6 ||    13
 Stab: Sleeping          |     1 |     1 ||     2
Armor: Robe              |     1 |       ||     1
       Leather armour    |    18 |    13 ||    31
       Skin              |     2 |     1 ||     3
Dodge: Dodged            |    83 |    47 ||   130

Table legend: (Time is in decaauts)
 A = Elapsed time spent in this place.
 B = Non-inter-level travel time spent in this place.
 C = Inter-level travel time spent in this place.
 D = Time resting spent in this place.
 E = Time spent auto-exploring this place.
 F = Levels seen in this place.
 G = Mean time per level.
                   A        B        C        D        E       F      G
               +--------+--------+--------+--------+--------+-----+--------+
         Total |   4857 |   4500 |    357 |   1743 |   1623 |   5 |  971.4 |
       Dungeon |   4857 |   4500 |    357 |   1743 |   1623 |   5 |  971.4 |
               +--------+--------+--------+--------+--------+-----+--------+

Top non-repeatable levels by time:
     D:1: 1478 daAuts
     D:3: 1453 daAuts
     D:2: 1278 daAuts
     D:4: 333 daAuts
     D:5: 313 daAuts
